[Event "CZE-ch Open 2019"]
[Site "Ostrava"]
[Date "2019.05.04"]
[Round "8.30"]
[White "Valencik, Jozef"]
[Black "Vorisek, Jakub"]
[Result "0-1"]
[ECO "A40"]
[WhiteElo "2056"]
[BlackElo "2027"]
[Annotator "NA"]
[PlyCount "70"]
[EventDate "2019.04.27"]
[EventType "swiss"]
[EventCountry "CZE"]
[SourceTitle "playchess.com"]
[Source "ChessBase"]
[SourceQuality "1"]
[TimeControl "40/5400+30:1800+30"]

1. d4 e6 2. Bf4 d5 3. e3 Bd6 4. Bxd6 Qxd6 5. Qg4 g6 6. Nd2 Bd7 7. c3 Nc6 8. f4 O-O-O 9. Be2 Nh6 10. Qh4 Nf5 11. Qf2 h5 12. e4 Nh6 13. e5 Qe7 14. Ngf3 f6 15. Bd3 fxe5 16. Nxe5 Nxe5 17. dxe5 Kb8 18. Bxg6 Ng4 19. Qe2 Rdg8 20. Bd3 Qc5 21. Nf3 Ne3 22. Ng5 d4 23. Ne4 Qe7 24. Ng5 Rxg5 25. fxg5 Qxg5 26. cxd4 Nxg2+ 27. Kd1 Rf8 28. Kc2 Ne3+ 29. Kb3 a5 30. a4 Bc6 31. Rhg1 Bd5+ 32. Bc4 Qe7 33. Bxd5 Qb4+ 34. Ka2 Nxd5 35. Qb5 Nc3+ 0-1

[Event "CZE-ch Open 2019"]
[Site "Ostrava"]
[Date "2019.05.04"]
[Round "8.31"]
[White "Jurek, Josef"]
[Black "Pavlicek, Lukas"]
[Result "1-0"]
[ECO "A05"]
[WhiteElo "2272"]
[BlackElo "1954"]
[Annotator "NA"]
[PlyCount "71"]
[EventDate "2019.04.27"]
[EventType "swiss"]
[EventCountry "CZE"]
[SourceTitle "playchess.com"]
[Source "ChessBase"]
[SourceQuality "1"]
[TimeControl "40/5400+30:1800+30"]

1. Nf3 Nf6 2. c4 e6 3. g3 d5 4. d4 Bb4+ 5. Bd2 Be7 6. Bg2 O-O 7. O-O c6 8. Qc2 b6 9. b3 Ba6 10. Bf4 Nbd7 11. Rd1 Rc8 12. Nc3 Nh5 13. e4 Nxf4 14. gxf4 dxc4 15. f5 exf5 16. Bh3 fxe4 17. Ne5 Rc7 18. Bxd7 Rxd7 19. Nxd7 Qxd7 20. Qxe4 Bb4 21. Rac1 Re8 22. Qf3 Re6 23. d5 Rg6+ 24. Kh1 Bb7 25. bxc4 b5 26. Ne4 cxd5 27. cxd5 Bd6 28. Rd3 Rh6 29. Ng3 Rf6 30. Qg2 Bf4 31. Rcd1 a5 32. Qe4 Bd6 33. Rf3 Rxf3 34. Qxf3 b4 35. Nf5 a4 36. Qg4 1-0

[Event "CZE-ch Open 2019"]
[Site "Ostrava"]
[Date "2019.05.04"]
[Round "8.32"]
[White "Bures, Martin"]
[Black "Horak, Jan"]
[Result "0-1"]
[ECO "A65"]
[WhiteElo "2143"]
[BlackElo "2048"]
[Annotator "NA"]
[PlyCount "62"]
[EventDate "2019.04.27"]
[EventType "swiss"]
[EventCountry "CZE"]
[SourceTitle "playchess.com"]
[Source "ChessBase"]
[SourceQuality "1"]
[TimeControl "40/5400+30:1800+30"]

1. d4 Nf6 2. c4 c5 3. d5 e6 4. Nc3 exd5 5. cxd5 d6 6. e4 g6 7. h3 Bg7 8. Nf3 O-O 9. Bd3 a6 10. a4 Nbd7 11. Bf4 Qc7 12. O-O Re8 13. Re1 Rb8 14. Nd2 Ne5 15. Be2 h6 16. Bh2 g5 17. f4 gxf4 18. Bxf4 Ng6 19. Bg3 Nd7 20. Nc4 Nde5 21. Ne3 Qd8 22. Nf5 Qg5 23. Nxg7 Qxg3 24. Nxe8 Nh4 25. Nf6+ Kh8 26. Bf3 Nexf3+ 27. Qxf3 Nxf3+ 28. Kf1 Nxe1 29. Rxe1 Qf4+ 30. Ke2 Qxf6 31. Rf1 Qg6 0-1